 Dungeon Crawl Stone Soup version 0.29-a0-453-gf113fcf677 (webtiles) character file.

Game seed: 145733791516414949

33534 Kenran the Carver (level 13, -12/109 HPs)
             Began as a Vampire Berserker on May 20, 2022.
             Was a High Priest of Trog.
             Mangled by a death yak simulacrum (32 damage)
             ... in an ice cave.
             The game lasted 00:35:22 (19893 turns).

Kenran the Carver (Vampire Berserker)              Turns: 19893, Time: 00:35:23

Health: -12/109    AC: 29    Str: 20    XL:     13   Next: 37%
Magic:  13/13      EV:  7    Int: 11    God:    Trog [*****.]
Gold:   1148       SH:  4    Dex: 13    Spells: 12/12 levels left

rFire   + . .      SeeInvis +   b - +3 scimitar (flame)
rCold   . . .      Faith    .   G - +0 buckler
rNeg    . . .      Spirit   .   H - +3 plate armour {rF+}
rPois   +          Reflect  .   y - +0 helmet
rElec   .          Harm     .   I - +0 cloak
rCorr   .          Rampage  .   P - +2 pair of gloves
Will    +....                   x - +0 pair of boots
Stlth   ..........              (no amulet)
HPRegen 0.48/turn               F - ring of poison resistance
MPRegen 0.13/turn               v - +4 ring of protection

@: on berserk cooldown, healing quickly, slowed, very slow
A: alive, fangs 3, see invisible, vampiric 2
a: Exsanguinate, Renounce Religion, Berserk, Trog's Hand, Brothers in Arms


You were in an ice cave.
You worshipped Trog.
Trog was extremely pleased with you.
You visited 2 branches of the dungeon, and saw 15 of its levels.
You also visited: Ice Cave.

You collected 1178 gold pieces.
You spent 30 gold pieces at shops.

Inventory:

Hand Weapons
 a - a +5 scimitar of venom
 b - a +3 scimitar of flaming (weapon)
Missiles
 f - 3 curare-tipped darts
 n - 41 poisoned darts (quivered)
 A - 6 throwing nets
Armour
 x - a +0 pair of boots (worn)
 y - a +0 helmet (worn)
 G - a +0 buckler (worn)
 H - a +3 plate armour of fire resistance (worn)
 I - a +0 cloak (worn)
 P - a +2 pair of gloves (worn)
Jewellery
 s - a ring of positive energy
 v - a +4 ring of protection (right hand)
 B - a ring of protection from fire
 F - a ring of poison resistance (left hand)
Wands
 h - a wand of iceblast (6)
 l - a wand of charming (7)
 t - a wand of flame (17)
 O - a wand of digging (2)
Scrolls
 c - 3 scrolls of enchant weapon
 e - a scroll of teleportation
 g - 2 scrolls of fear
 i - 2 scrolls of fog
 k - 5 scrolls of poison {!r}
 m - 2 scrolls of silence
 o - 4 scrolls of vulnerability {!r}
 p - 4 scrolls of immolation {!r}
 w - 5 scrolls of magic mapping
 K - a scroll of summoning
Potions
 d - a potion of might
 j - 2 potions of ambrosia
 q - 4 potions of mutation {!q}
 r - 3 potions of lignification {!q}
 u - 3 potions of heal wounds {@q2}
 z - 5 potions of flight
 C - a potion of resistance
 D - 4 potions of curing {@q1}
 E - 2 potions of attraction {!q}
 J - a potion of berserk rage {unknown}
 L - a potion of cancellation {unknown}
 N - a potion of invisibility {unknown}


   Skills:
 + Level 12.4 Fighting
 - Level 14.0 Long Blades
 + Level 9.5 Armour
 - Level 5.0 Dodging
 - Level 3.0 Shields
 - Level 5.0 Evocations


You had 12 spell levels left.
You didn't know any spells.
Your spell library was empty.

Dungeon Overview and Level Annotations

Branches:
Dungeon (11/15)            Temple (0/1) D:6            Lair (4/6) D:8
  Swamp (0/4) Lair:3       Spider (0/4) Lair:3          Orc (0/2) D:9
  IceCv (1/1)

Altars:
Ashenzari
Cheibriados
Dithmenos
Fedhas
Gozag
Nemelex Xobeh
Uskayaw
Vehumet
Wu Jian
Xom
Zin

Shops:
D:3 (   D:10 ?   D:11 !

Annotations:
D:11 3 runed translucent doors, exclusion: obsidian statue, Querens's ghost, journeyman DECj


Innate Abilities, Weirdness & Mutations

Your natural rate of healing is accelerated.
You have razor-sharp teeth.
You have supernaturally acute eyesight. (SInv)
You are afflicted with vampirism and can become a bat while bloodless.


Message History

You slice the cane toad simulacrum!!
You melt the cane toad simulacrum!
The cane toad simulacrum vaporises!
Trog accepts your kill.
You are engulfed in freezing vapours.
You hit the polar bear simulacrum.
You melt the polar bear simulacrum.
You bite the polar bear simulacrum!
The polar bear simulacrum vaporises!
Trog accepts your kill.
You are engulfed in freezing vapours.
You feel a strong urge to attack something.
You are no longer berserk.
You are exhausted.
You feel yourself slow down.
Really walk into that cloud of freezing vapour?
You are engulfed in freezing vapours.
You hit the death yak simulacrum.
You melt the death yak simulacrum.
The death yak simulacrum is lightly damaged.
The death yak simulacrum gores you but does no damage.
You slash the death yak simulacrum!
You melt the death yak simulacrum.
The death yak simulacrum is heavily damaged.
The death yak simulacrum gores you but does no damage.
You hit the death yak simulacrum.
You melt the death yak simulacrum.
You bite the death yak simulacrum, but do no damage.
The death yak simulacrum is heavily damaged.
The death yak simulacrum gores you. The death yak simulacrum freezes you!
You slash the death yak simulacrum!
You melt the death yak simulacrum.
The death yak simulacrum is almost destroyed.
You block the death yak simulacrum's attack.
You completely miss the death yak simulacrum.
The death yak simulacrum is almost destroyed.
You hit the death yak simulacrum.
You melt the death yak simulacrum.
The death yak simulacrum is almost destroyed.
The death yak simulacrum gores you. The death yak simulacrum freezes you!
* * * LOW HITPOINT WARNING * * *
You hit the death yak simulacrum but do no damage.
The death yak simulacrum is almost destroyed.
The death yak simulacrum gores you.
* * * LOW HITPOINT WARNING * * *
The death yak simulacrum freezes you!!
You die...

#..#....# #Z.##
#..#...## #.Z.##
#.W##.## #..○.#
##..### ######°°#
####..## ##...#§°.#
[# ##4.# #...°..#.#
[###..####..#..####
.8#.4## #..##..Z##
....## ##4####..@##
....# ##W.# ##...##
...W# #..## ##...#
....###..# ##..##
...###.4##
######..# ..4###..#
##...###.##
...##..##
##.....##..#
....#..#
#...#...#..#
###...##
#..####....#


You could see a death yak simulacrum.

Vanquished Creatures
  Snorg (D:11)
  2 hydras
  Erica (D:10)
  3 boulder beetles
  A two-headed ogre (D:8)
  A tengu warrior (D:8)
  An orc knight (D:11)
  2 wolf spiders (Lair:3)
  2 ugly things (IceCv)
  A cyclops (D:11)
  6 elephants (Lair:3)
  Maggie (D:6)
  A black mamba (Lair:2)
  11 cane toads
  2 rime drakes (Lair:4)
  6 ice devils (IceCv)
  3 kobold demonologists (D:11)
  11 komodo dragons
  An anaconda simulacrum (IceCv)
  3 freezing wraiths (IceCv)
  2 trolls
  A shadow (D:8)
  23 yaks
  A dire elephant simulacrum (IceCv)
  A wraith (D:10)
  4 wyverns
  2 basilisks (Lair:2)
  2 steam dragons
  A redback (Lair:3)
  2 harpy simulacra (IceCv)
  3 wargs
  4 water moccasins
  A death yak simulacrum (IceCv)
  An acid dragon (D:11)
  2 ice beasts
  3 orc warriors
  A black bear (Lair:2)
  A sky beast (D:7)
  4 ogres
  3 wolves (Lair:1)
  10 centaurs
  2 phantoms
  Blork the orc (D:6)
  4 kobold brigands
  9 bullfrogs
  4 necrophages (D:6)
  2 gnoll sergeants
  2 two-headed ogre simulacra (IceCv)
  A scorpion (D:4)
  2 cane toad simulacra (IceCv)
  5 wights (D:10)
  An elephant simulacrum (IceCv)
  16 killer bees
  3 electric eels (Lair:3)
  4 howler monkeys
  2 jellies (D:7)
  7 hounds
  8 orc priests
  3 gnoll shamans
  3 iguanas
  Natasha (thrice) (D:4)
  16 orc wizards
  4 polar bear simulacra (IceCv)
  A spriggan simulacrum (IceCv)
  4 wolf simulacra (IceCv)
  21 gnolls
  2 naga simulacra (IceCv)
  11 adders
  3 white imps (D:8)
  2 ufetubi
  6 worms
  2 dart slugs
  46 orcs
  9 ball pythons
  8 endoplasms
  2 giant cockroaches (D:4)
  11 hobgoblins
  3 jackals (D:2)
  7 quokkas
  2 bats
  5 frilled lizards
  8 goblins
  26 kobolds
  A rat (D:3)
414 creatures vanquished.

Vanquished Creatures (others)
  An orc priest (D:8)
  An orc wizard (D:6)
  16 fungi
  9 plants
27 creatures vanquished.

Grand Total: 441 creatures vanquished

Notes
Turn   | Place    | Note
-------+----------+-------------------------------------------
     0 | D:1      | Kenran the Vampire Berserker began the quest for the Orb.
     0 | D:1      | Reached XP level 1. HP: 17/17 MP: 1/1
    26 | D:1      | You fall into a shaft and drop 1 floor!
   124 | D:2      | Reached XP level 2. HP: 17/23 MP: 2/2
   335 | D:2      | Gained mutation: You are afflicted with vampirism and can
                  | become a bat while bloodless. [Vampire growth]
   335 | D:2      | Reached XP level 3. HP: 29/29 MP: 3/3
   411 | D:2      | Found a hide-covered altar of Uskayaw.
   514 | D:2      | Reached skill level 4 in Long Blades
   626 | D:1      | Found a faded altar of an unknown god.
  1264 | D:1      | Reached XP level 4. HP: 33/35 MP: 4/4
  1831 | D:3      | Found Ceriaxo's Weapon Shoppe.
  2070 | D:3      | Reached ** piety under Trog
  2142 | D:3      | Reached skill level 5 in Long Blades
  2146 | D:3      | Reached XP level 5. HP: 30/42 MP: 5/5
  3304 | D:4      | Reached XP level 6. HP: 25/50 MP: 6/6
  3306 | D:4      | Reached skill level 5 in Fighting
  4034 | D:4      | Noticed Natasha
  4044 | D:4      | Killed Natasha
  4316 | D:4      | Noticed Natasha
  4323 | D:4      | Killed Natasha
  4775 | D:4      | Noticed Natasha
  4782 | D:4      | Killed Natasha
  5850 | D:5      | Entered Level 5 of the Dungeon
  5855 | D:5      | Reached skill level 6 in Long Blades
  5855 | D:5      | Reached XP level 7. HP: 56/56 MP: 7/7
  6210 | D:5      | Reached skill level 7 in Long Blades
  6357 | D:5      | Identified the +2 ring mail of the Loafs {rF- rC++ Int+2
                  | Dex-5}
  6363 | D:5      | Noticed a steam dragon
  6379 | D:5      | Killed a steam dragon
  6380 | D:5      | Reached XP level 8. HP: 62/62 MP: 8/8
  6980 | D:6      | Reached skill level 8 in Long Blades
  6992 | D:6      | Noticed Blork the orc
  7000 | D:6      | Killed Blork the orc
  7477 | D:6      | Reached skill level 9 in Long Blades
  7671 | D:6      | Found a staircase to the Ecumenical Temple.
  7841 | D:6      | Reached XP level 9. HP: 22/69 MP: 9/9
  8092 | D:6      | Reached *** piety under Trog
  8132 | D:6      | Noticed Maggie
  8158 | D:6      | HP: 1/103 [Maggie/+3 scimitar of protection (12)]
  8166 | D:6      | Reached skill level 5 in Armour
  8175 | D:6      | Killed Maggie
  8176 | D:6      | Reached skill level 10 in Long Blades
  8328 | D:6      | Found a sparkling altar of Nemelex Xobeh.
  8815 | D:7      | Found a snail-covered altar of Cheibriados.
  9394 | D:7      | Reached skill level 1 in Evocations
  9512 | D:7      | Found a blossoming altar of Fedhas.
 10009 | D:8      | Reached XP level 10. HP: 75/77 MP: 10/10
 10077 | D:8      | Found a staircase to the Lair.
 10120 | D:8      | Reached **** piety under Trog
 10182 | D:8      | Reached skill level 11 in Long Blades
 10189 | D:8      | Noticed a two-headed ogre
 10196 | D:8      | Killed a two-headed ogre
 10345 | D:8      | Noticed a tengu warrior
 10551 | D:8      | Identified the +1 robe of the Will of the Gods {Regen+
                  | Int+6}
 10571 | D:8      | Killed a tengu warrior
 10572 | D:8      | Reached skill level 12 in Long Blades
 10953 | D:8      | Found a shimmering altar of Xom.
 11322 | D:9      | Found a staircase to the Orcish Mines.
 11504 | D:9      | Found a radiant altar of Vehumet.
 11526 | D:9      | Found an ornate altar of the Wu Jian Council.
 11804 | D:9      | Found a shadowy altar of Dithmenos.
 11952 | D:9      | Found an opulent altar of Gozag.
 12301 | D:10     | Entered Level 10 of the Dungeon
 12378 | D:10     | Reached XP level 11. HP: 87/87 MP: 11/11
 12596 | D:10     | Noticed Erica
 12607 | D:10     | Killed Erica
 12745 | D:10     | HP: 3/78 [wight/+1 halberd of freezing (1)]
 13083 | D:10     | Found Daadd's Magic Scroll Boutique.
 13107 | D:10     | Bought a scroll of identify for 30 gold pieces
 13263 | D:10     | Found a broken altar of Ashenzari.
 13267 | D:10     | Saw a vision of the Swamp and the Spider Nest.
 13267 | D:10     | Noticed an alligator
 13267 | D:10     | Noticed a goliath frog
 13267 | D:10     | Noticed a wolf spider
 13268 | D:10     | Noticed a wolf spider
 13696 | D:11     | Noticed a four-headed hydra
 13723 | D:11     | Killed a one-headed hydra
 13746 | D:11     | Noticed an orc knight
 13757 | D:11     | Found a runed translucent gate.
 13757 | D:11     | Found a runed translucent gate.
 13757 | D:11     | Found a runed translucent gate.
 13757 | D:11     | Found an opulent altar of Gozag.
 13757 | D:11     | Noticed an obsidian statue
 13772 | D:11     | Noticed Querens's ghost (journeyman DECj)
 13939 | D:11     | Noticed a boulder beetle
 13957 | D:11     | Killed a boulder beetle
 13958 | D:11     | Reached skill level 13 in Long Blades
 14086 | D:11     | Found Vued's Distillery.
 14332 | D:11     | Noticed Snorg
 14340 | D:11     | Killed Snorg
 14426 | D:11     | Noticed a deep troll earth mage
 14428 | D:11     | Noticed a red ugly thing
 14449 | D:11     | Killed an orc knight
 14757 | Lair:1   | Entered Level 1 of the Lair of Beasts
 15002 | Lair:1   | Reached skill level 10 in Fighting
 15022 | Lair:1   | Reached XP level 12. HP: 82/97 MP: 12/12
 15456 | Lair:1   | Identified the +6 hand axe of Defiance {freeze, rF+++ rN+
                  | Str-4 Dex+4}
 16012 | Lair:1   | Reached skill level 14 in Long Blades
 16212 | Lair:1   | Reached skill level 1 in Shields
 16248 | Lair:2   | You fall into a shaft and drop 1 floor!
 16331 | Lair:2   | Noticed a boulder beetle
 16350 | Lair:2   | Killed a boulder beetle
 17890 | Lair:3   | Reached skill level 5 in Evocations
 18044 | Lair:3   | Noticed a boulder beetle
 18050 | Lair:3   | Reached ***** piety under Trog
 18077 | Lair:3   | Killed a boulder beetle
 18219 | Lair:3   | Found a staircase to the Swamp.
 18238 | Lair:3   | Noticed a four-headed hydra
 18250 | Lair:3   | Killed a one-headed hydra
 18438 | Lair:3   | Reached XP level 13. HP: 102/108 MP: 13/13
 18489 | Lair:3   | Found a hole to the Spider Nest.
 18961 | Lair:3   | Reached skill level 5 in Dodging
 19066 | Lair:4   | Found a frozen archway.
 19140 | IceCv    | Entered an ice cave
 19597 | IceCv    | Found an ancient bone altar of Kikubaaqudgha.
 19893 | IceCv    | Mangled by a death yak simulacrum

Illustrated notes

Levels and vault maps discovered:
D:1:      lemuel_arrival_muddy, layout_basic, hellmonk_ecumenical_altar_lost_god
D:2:      layout_rooms, basic_altar, columned_hall_lemuel
D:3:      layout_loops_corners, serial_shops, nicolae_shop_bloodbath_and_beyond,
          st_stairs_5, serial_park_tiny_2, chequers_serial_rivers_small_3,
          grunt_decor_mini_mirrors, nicolae_elevator_lobby_plus
D:4:      layout_layer_cave, uniq_natasha
D:5:      layout_basic, nicolae_overflow_crystal_walls, minivault_23
D:6:      minmay_bubble_buster, layout_rooms, nemelex_dance_club_becter,
          lemuel_temple_firewalk_b, uniq_maggie, uniq_blork_the_orc
D:7:      layout_cave_pods, fedhas_altar_4, mainiacjoe_overflow_small_starburst
D:8:      wad_statue_garden, layout_rooms, xom_confusion_cloud,
          erik_lair_orcish_takeover
D:9:      layout_basic, lemuel_tele_altar, nicolae_overflow_hidden_temple,
          david_orc_3
D:10:     layout_basic, grunt_ashenzari_visionary
          [grunt_ashenzari_visionary_swamp, grunt_ashenzari_visionary_spider],
          serial_shops, shop, kennysheep_generic_room_8, uniq_erica
D:11:     layout_basic, serial_shops, kennysheep_little_box,
          gauntlet_entry_generic, ebering_ghost_gozag, minmay_checkerbox,
          uniq_snorg
Lair:1:   layout_cave_pods, grunt_megastairs_5
Lair:2:   layout_small_grid, infiniplex_staircase_pool_2
Lair:3:   layout_loops_ring, swamp_mist_pool, spider_nest_entry_funnel_web,
          infiniplex_staircase_pool
Lair:4:   layout_roguey, portal_ice_cave_rime, lemuel_fruit_fields,
          lemuel_fruit_tree, serial_bayou_shore_b, grunt_megastairs_4
IceCv:    ice_cave_small_necro

Skill      XL: |  1  2  3  4  5  6  7  8  9 10 11 12 13 |
---------------+----------------------------------------+-----
Fighting       | 3 4 5 6 8 10 12 | 12.4
Long Blades    | 4 5 6 7 9 10 12 13 14 | 14.0
Armour         | 2 3 4 6 8 9 |  9.5
Dodging        | 3 4 5 |  5.0
Evocations     | 2 3 5 |  5.0
Shields        | 3 |  3.0

Action                   |  1- 3 |  4- 6 |  7- 9 | 10-12 | 13-15 || total
-------------------------+-------+-------+-------+-------+-------++-------
Melee: Falchion          |   119 |    11 |       |       |       ||   130
       Bite              |    15 |    24 |    46 |    94 |    30 ||   209
       Punch             |     1 |     1 |     6 |       |       ||     8
       Long sword        |       |   179 |   307 |       |       ||   486
       Scimitar          |       |       |   114 |   696 |   194 ||  1004
Invok: Berserk           |     6 |     9 |    12 |    17 |     6 ||    50
       Trog's Hand       |       |       |     1 |     5 |       ||     6
Evoke: Wand              |       |       |       |    12 |       ||    12
  Use: Scroll            |     4 |     7 |     3 |    16 |       ||    30
       Potion            |       |       |     8 |     5 |       ||    13
 Stab: Distracted        |     1 |       |       |       |       ||     1
Armor: Animal skin       |     7 |       |       |       |       ||     7
       Ring mail         |    17 |    76 |     4 |       |       ||    97
       Chain mail        |       |       |   191 |   171 |       ||   362
       Skin              |       |       |    16 |    25 |       ||    41
       Plate armour      |       |       |       |   164 |    94 ||   258
Dodge: Dodged            |    72 |   130 |   148 |   260 |    63 ||   673
Block: Buckler           |       |       |    10 |   109 |    29 ||   148

Table legend: (Time is in decaauts)
 A = Elapsed time spent in this place.
 B = Non-inter-level travel time spent in this place.
 C = Inter-level travel time spent in this place.
 D = Time resting spent in this place.
 E = Time spent auto-exploring this place.
 F = Levels seen in this place.
 G = Mean time per level.
                   A        B        C        D        E       F      G
               +--------+--------+--------+--------+--------+-----+--------+
         Total |  20115 |  19267 |    848 |   4631 |  11189 |  16 | 1257.2 |
       Dungeon |  15033 |  14373 |    660 |   3045 |   8894 |  11 | 1366.6 |
          Lair |   4329 |   4142 |    187 |   1217 |   2209 |   4 | 1082.2 |
      Ice Cave |    751 |    751 |      0 |    368 |     86 |   1 |  751.0 |
               +--------+--------+--------+--------+--------+-----+--------+

Top non-repeatable levels by time:
     D:4: 2916 daAuts
  Lair:1: 1518 daAuts
     D:6: 1512 daAuts
     D:8: 1493 daAuts
  Lair:3: 1470 daAuts
    D:10: 1378 daAuts
     D:7: 1313 daAuts
     D:3: 1208 daAuts
  Lair:2: 1200 daAuts
     D:5: 1187 daAuts
    D:11: 1085 daAuts
     D:9: 1041 daAuts
     D:1: 1031 daAuts
     D:2: 864 daAuts
   IceCv: 751 daAuts
